 Dungeon Sprint DCSS version 0.23-a0-208-gb6b040f (webtiles) character file.

3132 Fang the Cleaver (level 9, 0/66 HPs)
             Began as a Gargoyle Berserker on Sept 25, 2018.
             Was a High Priest of Trog.
             Slain by a nine-headed hydra (4 damage)
             ... in the Dungeon (Sprint IX: "|||||||||||||||||||||||||||||").
             The game lasted 00:02:32 (1117 turns).

Fang the Cleaver (Gargoyle Berserker)               Turns: 1117, Time: 00:02:33

Health: 0/66       AC: 15    Str: 27    XL:     9   Next: 92%
Magic:  9/9        EV: 15    Int:  8    God:    Trog [*****.]
Gold:   13         SH:  0    Dex:  9    Spells: 8/8 levels left

rFire    . . .     SeeInvis .   m - +1 broad axe (freeze)
rCold    . . .     Gourm    .   (no shield)
rNeg     + . .     Faith    .   p - +2 ring mail
rPois    ∞         Spirit   .   (no helmet)
rElec    +         Reflect  .   (no cloak)
rCorr    .         Harm     .   (no gloves)
MR       .....     NoTele   +   (no boots)
Stlth    +.........             (no amulet)
HPRegen  0.21/turn              n - +3 ring of strength
MPRegen  0.11/turn              o - +2 ring of evasion

@: no status effects
A: negative energy resistance 1, electricity resistance, unbreathing,
petrification resistance, rot immunity, AC +6
a: Berserk, Trog's Hand, Brothers in Arms, Renounce Religion


You were in the Dungeon.
You worshipped Trog.
Trog was extremely pleased with you.
You were near starving.

You visited 1 branch You collected 13 gold pieces.

Inventory:

Hand Weapons
 a - a +0 hand axe
 c - a +1 battleaxe of electrocution
 m - a +1 broad axe of freezing (weapon)
Missiles
 b - 4 poisoned javelins (quivered)
Armour
 p - a +2 ring mail (worn)
Jewellery
 n - a +3 ring of strength (left hand)
 o - a +2 ring of evasion (right hand)
Wands
 l - a wand of acid (10)
Scrolls
 i - 2 scrolls of blinking
 k - 4 scrolls of remove curse
 q - a scroll of identify
 r - 2 scrolls of enchant weapon
 s - 2 scrolls of enchant armour
 t - a scroll of fear
Potions
 d - 6 potions of curing
 e - 4 potions of heal wounds
 f - 3 potions of haste
 g - 4 potions of magic
 h - 2 potions of berserk rage
 j - a potion of invisibility


   Skills:
 + Level 12.5 Fighting
 + Level 14.7 Axes
 + Level 9.0 Armour
 + Level 5.3 Dodging
 + Level 3.2 Stealth


You had 8 spell levels left.
You didn't know any spells.
Your spell library was empty.

Dungeon Overview and Level Annotations

Branches:
Dungeon (1/1)

Altars:
Cheibriados
Dithmenos
Elyvilon
Fedhas
Gozag
Hepliaklqana
Kikubaaqudgha
Makhleb
Nemelex Xobeh
Okawaru
Qazlal
Ru
Sif Muna
Trog
Uskayaw
Vehumet
Wu Jian
Xom
Yredelemnul
Zin
The Shining One
Beogh
Jiyva
Lugonu


Innate Abilities, Weirdness & Mutations

You are resistant to torment.
Your stone body is resilient. (AC +6)
You are immune to poison.
You resist negative energy. (rN+)
You are resistant to electric shocks. (rElec)
You can survive without breathing.
You are immune to petrification.
You are immune to rotting.


Message History

The blink frog blinks!
The nine-headed hydra completely misses you.
The nine-headed hydra barely misses you.
The nine-headed hydra bites you but does no damage.
The nine-headed hydra bites you. The nine-headed hydra bites you! x2
* * * LOW HITPOINT WARNING * * *
The nine-headed hydra barely misses you.
The nine-headed hydra closely misses you.
The nine-headed hydra bites you!
* * * LOW HITPOINT WARNING * * *
You are too injured to fight recklessly!
Unknown command.
Wield which item (- for none, * to show all)? (? for menu, Esc to quit)
Your +1 battleaxe of electrocution stops crackling.
a - a +0 hand axe (weapon)
Wield which item (- for none, * to show all)? (? for menu, Esc to quit)
Your +1 broad axe of freezing glows with a cold blue light!
m - a +1 broad axe of freezing (weapon)
The nine-headed hydra bites you.
You die...

▓▓▓▓▓▓▓▓▓▓▓▓▓▓▓▓▓▓▓▓▓▓▓▓
..FtlSD@.......†'.†....|
▓▓▓▓▓▓▓▓▓▓▓▓▓▓▓▓▓▓▓▓▓▓▓▓▓▓▓▓▓▓▓▓▓
.................................
▓▓▓▓▓▓▓▓▓▓▓▓▓▓▓▓▓▓▓▓▓▓▓▓▓▓▓▓▓▓▓▓▓
[)|?.'________________________'..
▓▓▓▓▓▓▓▓▓▓▓▓▓▓▓▓▓▓▓▓▓▓▓▓▓▓▓▓▓▓▓▓▓


You could see a nine-headed hydra, a black mamba, a basilisk, a crocodile and a
bullfrog.

Vanquished Creatures
  A cyclops (D)
  An efreet (D)
  A komodo dragon (D)
  A troll (D)
  A blink frog (D)
  A hippogriff (D)
  A basilisk (D)
  A hungry ghost (D)
  A water moccasin (D)
  2 porcupines (D)
  A phantom (D)
  2 crocodiles (D)
  A wight (D)
  A crimson imp (D)
  2 worker ants (D)
  2 adders (D)
  An adder zombie (D)
  A leopard gecko (D)
  An orc (D)
  A hobgoblin (D)
  A jackal (D)
  A kobold (D)
  3 giant cockroach zombies (D)
  2 goblins (D)
31 creatures vanquished.

Vanquished Creatures (collateral kills)
  A hydra (D)
  A black mamba (D)
  A basilisk (D)
3 creatures vanquished.

Grand Total: 34 creatures vanquished

Notes
Turn   | Place    | Note
-------+----------+-------------------------------------------
     0 | D        | Fang the Gargoyle Berserker began the quest for the Orb.
     0 | D        | Reached XP level 1. HP: 14/14 MP: 1/1
     5 | D        | Reached skill level 3 in Axes
    18 | D        | Reached ** piety under Trog
    21 | D        | Reached XP level 2. HP: 6/20 MP: 2/2
   245 | D        | Noticed a phantom
   250 | D        | Reached *** piety under Trog
   250 | D        | Reached skill level 4 in Axes
   267 | D        | Killed a phantom
   267 | D        | Reached skill level 6 in Axes
   267 | D        | Reached XP level 3. HP: 23/28 MP: 3/3
   267 | D        | Reached XP level 4. HP: 27/32 MP: 4/4
   400 | D        | Found a roughly hewn altar of Beogh.
   400 | D        | Found a snail-covered altar of Cheibriados.
   400 | D        | Found a shadowy altar of Dithmenos.
   400 | D        | Found a white marble altar of Elyvilon.
   400 | D        | Found a blossoming altar of Fedhas.
   400 | D        | Found an opulent altar of Gozag.
   401 | D        | Found a hazy altar of Hepliaklqana.
   402 | D        | Found a viscous altar of Jiyva.
   403 | D        | Found an ancient bone altar of Kikubaaqudgha.
   404 | D        | Found a corrupted altar of Lugonu.
   405 | D        | Found a burning altar of Makhleb.
   406 | D        | Found a sparkling altar of Nemelex Xobeh.
   407 | D        | Found an iron altar of Okawaru.
   408 | D        | Found a stormy altar of Qazlal.
   409 | D        | Found a sacrificial altar of Ru.
   410 | D        | Found a deep blue altar of Sif Muna.
   411 | D        | Found a bloodstained altar of Trog.
   412 | D        | Found a hide-covered altar of Uskayaw.
   413 | D        | Found a radiant altar of Vehumet.
   414 | D        | Found an ornate altar of the Wu Jian Council.
   415 | D        | Found a shimmering altar of Xom.
   416 | D        | Found a basalt altar of Yredelemnul.
   417 | D        | Found a glowing silver altar of Zin.
   418 | D        | Found a glowing golden altar of the Shining One.
   470 | D        | Noticed a troll
   470 | D        | Noticed a hungry ghost
   473 | D        | Reached **** piety under Trog
   473 | D        | Reached skill level 7 in Axes
   473 | D        | Reached XP level 5. HP: 38/38 MP: 5/5
   481 | D        | Reached skill level 8 in Axes
   494 | D        | Killed a hungry ghost
   494 | D        | Reached skill level 9 in Axes
   494 | D        | Reached skill level 5 in Armour
   494 | D        | Reached XP level 6. HP: 45/45 MP: 6/6
   498 | D        | Killed a troll
   498 | D        | Reached skill level 10 in Axes
   498 | D        | Reached skill level 1 in Stealth
   498 | D        | Reached XP level 7. HP: 23/52 MP: 7/7
   502 | D        | Reached ***** piety under Trog
   701 | D        | Noticed a cyclops
   701 | D        | Noticed an efreet
   706 | D        | Received a gift from Trog
   710 | D        | Killed an efreet
   710 | D        | Reached skill level 10 in Fighting
   710 | D        | Reached skill level 11 in Axes
   714 | D        | Killed a cyclops
   714 | D        | Reached skill level 12 in Axes
   714 | D        | Reached XP level 8. HP: 56/59 MP: 8/8
   920 | D        | Noticed a hippogriff
   920 | D        | Noticed a six-headed hydra
   920 | D        | Noticed a blink frog
   924 | D        | Killed a six-headed hydra
   924 | D        | Received a gift from Trog
   925 | D        | Noticed a black mamba
   928 | D        | Killed a blink frog
   928 | D        | Reached skill level 13 in Axes
   928 | D        | Reached XP level 9. HP: 64/64 MP: 9/9
   951 | D        | Killed a black mamba
   951 | D        | Reached skill level 14 in Axes
   951 | D        | Reached skill level 5 in Dodging
  1101 | D        | Noticed a four-headed hydra
  1101 | D        | Noticed a black mamba
  1101 | D        | Noticed a komodo dragon
  1109 | D        | Killed a komodo dragon
  1117 | D        | Slain by a nine-headed hydra

Vault maps used:
D:        linesprint

Skill      XL: |  1  2  3  4  5  6  7  8  9 |
---------------+----------------------------+-----
Axes           | 3 6 7 9 10 12 13 14 | 14.7
Fighting       | 4 6 7 8 9 10 11 12 | 12.5
Dodging        | 2 3 4 5 |  5.3
Armour         | 3 4 5 6 7 8 9 |  9.0
Stealth        | 1 2 3 |  3.2

Action                   |  1- 3 |  4- 6 |  7- 9 || total
-------------------------+-------+-------+-------++-------
Melee: Hand axe          |    38 |       |       ||    38
       Broad axe         |       |    25 |    18 ||    43
       Battleaxe         |       |       |    54 ||    54
Invok: Berserk           |     1 |     1 |     2 ||     4
       Brothers in Arms  |       |       |     1 ||     1
  Use: Potion            |       |       |     1 ||     1
  Eat: Ration            |       |       |     1 ||     1
       Chunk             |       |       |     2 ||     2
Armor: Animal skin       |    11 |       |       ||    11
       Ring mail         |       |    17 |    35 ||    52
Dodge: Dodged            |    14 |    23 |    67 ||   104

Table legend:
 A = Non-vault XP
 B = Vault XP
 C = Vault XP percentage of total XP
 D = Non-vault monster count
 E = Vault monster count
 F = Vault count percentage of total count
                 A         B        C        D         E       F
            +---------+---------+-------+---------+---------+-------
      Total |       0 |    4475 | 100.0 |       0 |      34 | 100.0
            +---------+---------+-------+---------+---------+-------
          D |       0 |    4475 | 100.0 |       0 |      34 | 100.0
            +---------+---------+-------+---------+---------+-------
